 Dungeon Crawl Stone Soup version 0.31-a0-1321-g5021b54 (webtiles) character file.

Game seed: 1776910133106844039

1036 Meow the Conjurer (level 8, 0/68 HPs)
             Began as a Naga Conjurer on Dec 20, 2023.
             Succumbed to Edmund's poison
             ... on level 4 of the Dungeon.
             The game lasted 00:15:56 (5851 turns).

Meow the Conjurer (Naga Conjurer)                   Turns: 5851, Time: 00:15:56

Health: 0/68       AC:  3    Str:  9    XL:     8   Next: 24%
Magic:  3/16       EV: 14    Int: 21    God:
Gold:   210        SH:  0    Dex: 10    Spells: 15/18 levels left

rFire   . . .        a - +0 long sword
rCold   . . .        (no shield)
rNeg    . . .        d - +0 robe
rPois   +            (no helmet)
rElec   .            (no cloak)
rCorr   .            (no gloves)
SInv    +            (no barding)
Will    ++...        (no amulet)
Stlth   ++           x - ring of willpower
HPRegen 0.31/turn    C - +5 ring of evasion
MPRegen 0.15/turn

%: no passive effects
@: lethally poisoned (0 -> -10), very slow
A: AC +2, large, see invisible, deformed body, poison resistance, slowness 2,
spit poison 1, naga tail 1
a: Spit Poison


You were on level 4 of the Dungeon.
You visited 1 branch of the dungeon, and saw 4 of its levels.
You also visited: Sewer and Ossuary.

You collected 210 gold pieces.

Inventory:

Hand Weapons
 a - a +0 long sword (weapon)
 z - a +2 heavy sling
Missiles
 c - 36 stones
 f - 10 javelins
 A - 5 poisoned darts
Armour
 d - a +0 robe (worn)
Jewellery
 x - a ring of willpower (left hand)
 C - a +5 ring of evasion (right hand)
Talismans
 i - a flux talisman
Scrolls
 g - a scroll of poison
 k - a scroll of amnesia
 l - a scroll of immolation
 m - a scroll of torment
 p - a scroll of blinking
 q - 2 scrolls of teleportation
 s - 2 scrolls of vulnerability
 w - a scroll of revelation {unknown}
 y - a scroll of silence {unknown}
 B - a scroll of identify
Potions
 b - 2 potions of magic
 e - 6 potions of degeneration
 h - 2 potions of cancellation {unknown}
 j - a potion of haste {unknown}
 n - a potion of curing {unknown}
 o - 3 potions of enlightenment
 r - a potion of mutation {unknown}
 t - a potion of invisibility {unknown}
 u - a potion of attraction {unknown}
 v - 3 potions of berserk rage {unknown}


   Skills:
 + Level 2.8 Fighting
 - Level 1.5 Dodging
 - Level 3.0 Stealth
 + Level 5.7 Spellcasting
 + Level 7.6 Conjurations


You had 15 spell levels left.
You knew the following spells:

 Your Spells              Type           Power      Damage    Failure   Level
a - Magic Dart            Conj           100%       1d8       1%          1
b - Searing Ray           Conj           76%        2d7       1%          2

Your spell library contained the following spells:

 Spells                   Type           Power      Damage    Failure   Level
 Shock                    Conj/Air       88%        1d8       1%          1
 Summon Small Mammal      Summ           24%        N/A       10%         1
 Blink                    Tloc           12%        N/A       16%         2
 Call Imp                 Summ           12%        N/A       16%         2
 Fulminant Prism          Conj/Alch      11%        3d9       21%         4
 Iskenderun's Mystic Bla  Conj/Tloc      22%        2d6       21%         4
 Call Canine Familiar     Summ           6%         N/A       30%         3
 Summon Guardian Golem    Hex/Summ       6%         N/A       30%         3
 Swiftness                Air            6%         N/A       30%         3
 Volatile Blastmotes      Fire/Tloc      12%        2d11      30%         3
 Airstrike                Air            3%         2d(1-17)  69%         4
 Orb of Destruction       Conj           19%        9d8       98%         7
 Spellforged Servitor     Conj/Summ      11%        N/A       100%        7


Dungeon Overview and Level Annotations

Branches:
Dungeon (4/15)              Sewer (visited)         Ossuary (visited)
 Temple: D:4-7

Altars:
Sif Muna
Yredelemnul

Annotations:
D:2 1 runed translucent door, Crazy Yiuf
D:3 3 runed translucent doors, arrowsters's ghost, amateur HuAE


Innate Abilities, Weirdness & Mutations

Your serpentine skin is tough. (AC +2)
You have supernaturally acute eyesight. (SInv)
Armour fits poorly on your strangely shaped body.
Your system is resistant to poisons. (rPois)
You cover ground very slowly.
You can spit poison.
You have a snake-like lower body.


Message History

Press: ? - help, Shift-Dir - straight line, f/p - Edmund
Aim: Edmund, wielding a +3 flail of venom and wearing a +0 leather armour (moderately wounded, 81% to hit)
The searing ray hits Edmund!
Edmund is heavily wounded. (Press . to maintain the ray.)
You feel very sick.
Edmund hits you with a +3 flail of venom.
Okay, then.
The searing ray hits Edmund!
Edmund is severely wounded.
You feel very sick.
Edmund hits you with a +3 flail of venom.
You are more poisoned.
The searing ray hits Edmund.
Edmund is severely wounded.
You feel very sick.
Edmund hits you with a +3 flail of venom.
* * * LOW HITPOINT WARNING * * *
You are lethally poisoned!
Unknown command.
The searing ray hits Edmund!
Edmund is almost dead.
You finish channelling your searing ray.
* * * LOW HITPOINT WARNING * * *
You feel very sick. Edmund closely misses you.
Unknown command.
Casting: Searing Ray (safe; 1% risk of failure)
Confirm with . or Enter, or press ? or * to list all spells.
Aiming: Searing Ray (safe; 1% risk of failure)
Press: ? - help, Shift-Dir - straight line, f/p - Edmund
Aim: Edmund, wielding a +3 flail of venom and wearing a +0 leather armour (almost dead, 81% to hit)
The searing ray hits Edmund!
You kill Edmund! (Press . to maintain the ray.)
* * * LOW HITPOINT WARNING * * *
You feel very sick.
* * * LOW HITPOINT WARNING * * *
You feel very sick.
You die...

.# #....P####..# .#
######...P.#..#..#
.#####......#####..#..#
............# ..#..#
######.####.# ##.#..#
#.# #.# ##..#..#
#####.# #.#. #)..#..#
#.....# #.#..##..#..#
#.###.# #.#..)@..#..#
#.# #.####.#..#......#
#.# #...##.#. #......#
#.# ###..#.# #...#..#
##.# ##...# #...#..#
...# ##..# #...#..#
#### #..# #...#.## #..#
....#.# #..# ...#)#.#


There were no monsters in sight!

Vanquished Creatures
  Edmund (D:4)
  3 elf zombies (Ossuary)
  A brain worm (Sewer)
  A jelly (Sewer)
  4 human zombies (Ossuary)
  A spectral scorpion (Ossuary)
  A gnoll bouda (D:4)
  An iguana (D:4)
  A scorpion zombie (D:3)
  3 hound zombies
  3 hound skeletons (D:4)
  3 mummies (Ossuary)
  3 gnolls (D:4)
  3 adders
  5 river rats (Sewer)
  8 adder zombies
  4 worms
  3 dart slugs (D:2)
  An orc (D:3)
  9 bats
  9 endoplasms
  8 giant cockroaches
  6 goblins
  4 hobgoblins
  14 jackals
  7 kobolds
  5 quokkas
  15 ball pythons
  6 ball python zombies (Ossuary)
  3 frilled lizards
  3 hobgoblin zombies (Ossuary)
  5 jackal zombies (Ossuary)
  4 kobold zombies (Ossuary)
  3 orc zombies (Ossuary)
  3 quokka zombies (Ossuary)
  4 rats
158 creatures vanquished.

Notes
Turn   | Place    | Note
-------+----------+-------------------------------------------
     0 | D:1      | Meow the Naga Conjurer began the quest for the Orb.
     0 | D:1      | Reached XP level 1. HP: 15/15 MP: 3/3
   224 | D:1      | Reached XP level 2. HP: 21/22 MP: 0/5
   227 | D:1      | Learned a level 2 spell: Searing Ray
   770 | D:2      | Reached XP level 3. HP: 28/28 MP: 0/6
  1220 | D:2      | Found a runed translucent door.
  1221 | D:2      | Noticed Crazy Yiuf
  1754 | D:3      | Reached XP level 4. HP: 36/36 MP: 8/8
  1757 | D:3      | Found a runed translucent gate.
  1757 | D:3      | Found a runed translucent gate.
  1757 | D:3      | Found a runed translucent gate.
  1757 | D:3      | Noticed arrowsters's ghost (amateur HuAE)
  1801 | D:3      | Found a glowing drain.
  1875 | Sewer    | Entered a sewer
  1954 | Sewer    | Reached skill level 5 in Conjurations
  2036 | Sewer    | Noticed a brain worm
  2129 | Sewer    | Reached XP level 5. HP: 42/42 MP: 7/10
  2588 | Sewer    | Reached XP level 6. HP: 43/49 MP: 1/12
  2946 | D:3      | Found a basalt altar of Yredelemnul.
  3227 | D:3      | Found a shimmering blue altar of Sif Muna.
  3362 | D:3      | Reached skill level 6 in Conjurations
  3771 | D:4      | Found a sand-covered staircase.
  3852 | Ossuary  | Entered an ossuary
  4107 | Ossuary  | Reached skill level 5 in Spellcasting
  4107 | Ossuary  | Reached XP level 7. HP: 36/55 MP: 1/14
  4345 | Ossuary  | Reached skill level 7 in Conjurations
  4520 | Ossuary  | Reached skill level 1 in Fighting
  5439 | D:4      | Reached XP level 8. HP: 62/67 MP: 4/16
  5839 | D:4      | Noticed Edmund
  5849 | D:4      | Killed Edmund
  5850 | D:4      | HP: 3/68 [poisoned by Edmund]
  5851 | D:4      | Succumbed to Edmund's poison

Illustrated notes

Levels and vault maps discovered:
D:1:      lightli_arrival_chessboard, layout_rooms
D:2:      layout_basic, uniq_crazy_yiuf_cottage
D:3:      layout_loops_corners, nicolae_yredelemnul_ghost_church, led_sif_pool,
          mainiacjoe_sewer_entry_somewhere_in_here_1, serial_bayou_crossing
D:4:      layout_loops_ring, mainiacjoe_ossuary_entry_find_the_door,
          sigmund_edmund_badplayer

Skill      XL: |  1  2  3  4  5  6  7 |
---------------+----------------------+-----
Spellcasting   | 3 4 5 |  5.7
Conjurations   | 5 6 7 |  7.6
Fighting       | 2 |  2.8
Dodging        | |  1.5
Stealth        | |  3.0

Action                     |  1- 3 |  4- 6 |  7- 9 || total
---------------------------+-------+-------+-------++-------
  Melee: Lajatang          |       |    12 |    46 ||    58
   Cast: Magic Dart        |    52 |    12 |     3 ||    67
         Searing Ray       |     7 |    41 |    40 ||    88
Ability: Spit Poison       |    23 |    30 |    10 ||    63
    Use: Scroll            |     1 |     4 |     2 ||     7
 Armour: Robe              |    10 |    40 |    94 ||   144
  Dodge: Dodged            |     5 |    27 |    65 ||    97

Table legend: (Time is in decaauts)
 A = Elapsed time spent in this place.
 B = Non-inter-level travel time spent in this place.
 C = Inter-level travel time spent in this place.
 D = Time resting spent in this place.
 E = Time spent auto-exploring this place.
 F = Levels seen in this place.
 G = Mean time per level.
                   A        B        C        D        E       F      G
               +--------+--------+--------+--------+--------+-----+--------+
         Total |   7155 |   6853 |    302 |   2049 |   3423 |   6 | 1192.5 |
       Dungeon |   4677 |   4375 |    302 |    897 |   2616 |   4 | 1169.2 |
         Sewer |   1209 |   1209 |      0 |    385 |    592 |   1 | 1209.0 |
       Ossuary |   1267 |   1267 |      0 |    767 |    214 |   1 | 1267.0 |
               +--------+--------+--------+--------+--------+-----+--------+

Top non-repeatable levels by time:
     D:3: 1411 daAuts
     D:4: 1327 daAuts
 Ossuary: 1267 daAuts
   Sewer: 1209 daAuts
     D:2: 1091 daAuts
     D:1: 846 daAuts
